 Dungeon Crawl Stone Soup version 0.22-b1-26-g9dbaab1 (webtiles) character file.

30 Goblin1989 the Cutter (level 3, -2/29 HPs)
             Began as a Demonspawn Chaos Knight on Aug 6, 2018.
             Slain by a shadow (26 damage)
             ... summoned by the capriciousness of Xom
             ... on level 2 of the Dungeon.
             The game lasted 00:01:29 (945 turns).

Goblin1989 the Cutter (Demonspawn Chaos Knight)      Turns: 945, Time: 00:01:30

Health: -2/29      AC:  6    Str: 12    XL:     3   Next: 3%
Magic:  3/3        EV: 11    Int: 13    God:    Xom [......]
Gold:   25         SH:  0    Dex: 13    Spells: 2/2 levels left

rFire    . . .     SeeInvis .   a - +0 short sword (chaos)
rCold    . . .     Gourm    .   (no shield)
rNeg     . . .     Faith    .   b - +2 leather armour
rPois    .         Spirit   .   (helmet restricted)
rElec    .         Reflect  .   g - +0 cloak
rCorr    .         Harm     .   (no gloves)
MR       .....                  (no boots)
Stlth    +.........             (no amulet)
HPRegen  0.09/turn              (no ring)
MPRegen  0.08/turn              (no ring)

@: no status effects
A: antennae 1
a: Renounce Religion


You were on level 2 of the Dungeon.
You worshipped Xom.
You were a very special plaything of Xom.
You were not hungry.

You visited 1 branch of the dungeon, and saw 2 of its levels.

You collected 25 gold pieces.

Inventory:

Hand Weapons
 a - a +0 short sword of chaos (weapon)
Missiles
 n - 24 stones (quivered) {@Q3}
 o - 8 needles of confusion
Armour
 b - a +2 leather armour (worn)
 g - a +0 cloak (worn)
Scrolls
 h - a scroll of identify {unknown}
Potions
 i - a potion of brilliance {unknown}
 j - 2 potions of flight {unknown}
 k - a potion of cancellation {unknown}
 m - a potion of mutation {unknown}
Comestibles
 e - 3 rations
 p - a chunk of flesh


   Skills:
 - Level 3.0 Fighting
 + Level 3.8 Short Blades
 - Level 1.7 Armour
 - Level 0.8 Dodging


You had 2 spell levels left.
You didn't know any spells.
Your spell library was empty.

Dungeon Overview and Level Annotations

Branches:
Dungeon (2/15)

Altars:


Innate Abilities, Weirdness & Mutations

You have a pair of small antennae on your head.


Message History

You closely miss the goblin. The goblin misses you.
You hit the goblin.
You kill the goblin!
You have reached level 3!
Your experience leads to an increase in your attributes!
Increase (S)trength, (I)ntelligence, or (D)exterity?
You feel agile. The rat barely misses you.
You regained 3 hp, and now have 19/29 hp.
MP restored: 3 Unknown command.
You barely miss the rat. The rat misses you.
You closely miss the rat. The rat misses you.
You hit the rat. You freeze the rat.
You kill the rat!
No target in view!
No target in view!
No target in view!
No target in view!
No target in view!
No target in view!
No target in view!
No target in view!
No target in view!
No target in view!
No target in view!
No target in view!
No target in view!
No target in view!
No target in view!
No target in view!
No target in view!
No target in view!
No target in view!
No target in view!
Unknown command.
Key pressed, stopping explore.
All of the chunks of flesh in your inventory have rotted away.
Key pressed, stopping explore.
Key pressed, stopping explore.
HP restored.
n - 18 stones {@Q3} (gained 3)
You now have 25 gold pieces (gained 1).
Health restored: 29
n - 22 stones {@Q3} (gained 4)
You butcher the goblin corpse.
p - 3 chunks of flesh You butcher the jackal corpse.
p - 6 chunks of flesh (gained 3)
You butcher the jackal corpse.
p - 8 chunks of flesh (gained 2)
Things that are here:
an uncursed dagger; an uncursed hunting sling; a jackal skeleton
Things that are here:
an uncursed dagger; an uncursed hunting sling; a jackal skeleton Unknown command.
You butcher the rat corpse.
p - 9 chunks of flesh (gained 1) Xom's attention turns to you for a moment.
You are poisoned.
You feel sick.
n - 24 stones {@Q3} (gained 2)
There is a stone staircase leading up here.
You feel sick.
You take 1 damage, and have 28/29 hp.
Unknown command.
You feel sick.
You feel sick.
You feel sick.
You feel sick.
You feel sick.
You feel sick.
You feel sick.
You feel sick.
You feel sick.
You feel sick.
You feel sick.
You feel sick.
You feel sick.
You feel sick.
You are no longer poisoned.
Key pressed, stopping explore.
Xom's power touches on you for a moment.
The world around you seems to dim momentarily.
You are now a very special plaything of Xom.
You take 8 damage, and have 20/29 hp.
MASSIVE DAMAGE!!
Some of the chunks of flesh in your inventory have rotted away.
Key pressed, stopping explore.
Xom notices you. Flickering shadows surround you.
You regained 4 hp, and now have 24/29 hp.
The shadow barely misses you.
The shadow slips into darkness.
The shadow flickers and vanishes!
Deactivating autopickup; reactivate with Ctrl-A.
Unknown command.
There is a stone staircase leading up here.
The shadow strikes at you from the darkness!
Ouch! That really hurt!
You die...

...
█.███ ██
.>..) ..
█... .██
█.)█ ...
█..██.█
█.{...█
█@W.█
██..█
█.).█
█.█...█
.....███
█......█
█....?.█
█......█
█......█


You could see a shadow.

Vanquished Creatures
  An ooze (D:1)
  A leopard gecko (D:1)
  2 bats (D:1)
  4 goblins
  2 hobgoblins (D:1)
  4 jackals (D:2)
  3 kobolds (D:1)
  2 frilled lizards (D:1)
  2 rats
21 creatures vanquished.

Notes
Turn   | Place    | Note
-------+----------+-------------------------------------------
     0 | D:1      | Goblin1989 the Demonspawn Chaos Knight began the quest for the Orb.
     0 | D:1      | Reached XP level 1. HP: 18/18 MP: 1/1
   133 | D:1      | Gained mutation: You have a pair of small antennae on your head. [demonic ancestry]
   133 | D:1      | Reached XP level 2. HP: 24/24 MP: 2/2
   207 | D:1      | XOM: divination: detect creatures
   722 | D:2      | Reached XP level 3. HP: 19/29 MP: 3/3
   835 | D:2      | XOM: mild Pois miscast
   904 | D:2      | XOM: harmless Necr miscast
   942 | D:2      | XOM: medium Necr miscast
   943 | D:2      | Noticed a shadow
   943 | D:2      | Noticed a shadow
   945 | D:2      | Slain by a shadow

Skill      XL: |  1 |
---------------+----+-----
Short Blades   | 3 |  3.8
Fighting       | |  3.0
Armour         | |  1.7
Dodging        | |  0.8

Action                   || total
-------------------------++-------
Melee: Short sword       ||    68
 Stab: Paralysed         ||     2
Armor: Leather armour    ||    36
Dodge: Dodged            ||    47

Vault maps used:
D:1:      dpeg_arrival_orchard
D:2:      fedhas_altar_2
